 Dungeon Crawl Stone Soup version 0.31-a0-1165-g196b491b36 (webtiles) character file.

Game seed: 17851213150100280769

549 jasper the Magician (level 7, -8/46 HPs)
             Began as a Mummy Earth Elementalist on Dec 9, 2023.
             Was an Initiate of Kikubaaqudgha.
             Mangled by a yak (9 damage)
             ... on level 5 of the Dungeon.
             The game lasted 00:06:35 (3790 turns).

jasper the Magician (Mummy Earth Elementalist)      Turns: 3790, Time: 00:06:36

Health: -8/46      AC:  3    Str: 12    XL:     7   Next: 7%
Magic:  8/17       EV: 12    Int: 16    God:    Kikubaaqudgha [......]
Gold:   315        SH:  5    Dex: 12    Spells: 13/19 levels left

rFire   x . .        o - +2 whip (venom)
rCold   + . .        (no shield)
rNeg    + + +        a - +0 robe
rPois   ∞            (no helmet)
rElec   .            (no cloak)
rCorr   .            (no gloves)
SInv    .            i - +0 pair of boots
Will    .....        d - amulet of reflection
Stlth   ++           (no ring)
HPRegen 0.27/turn    (no ring)
MPRegen 0.15/turn

%: reflection, faith
@: no status effects
A: cold resistance 1, negative energy resistance 3, torment resistance 2, heat
vulnerability 1, in touch with death 1, no potions, faith
a: Renounce Religion


You were on level 5 of the Dungeon.
You worshipped Kikubaaqudgha.
Kikubaaqudgha was noncommittal.
You visited 2 branches of the dungeon, and saw 6 of its levels.

You collected 315 gold pieces.

Inventory:

Hand Weapons
 f - a +0 short sword
 o - a +2 whip of venom (weapon)
Missiles
 c - 3 javelins
 n - 21 stones
Armour
 a - a +0 robe (worn)
 i - a +0 pair of boots (worn)
 j - the +2 ring mail of Dishonour {Dex+2}
   (You found it on level 2 of the Dungeon)

   Dex+2:     It affects your dexterity (+2).
Jewellery
 d - an amulet of reflection (around neck)
 e - an amulet of reflection
Scrolls
 g - 3 scrolls of amnesia
 k - 3 scrolls of revelation
 l - a scroll of identify
 m - a scroll of immolation
 p - 2 scrolls of enchant weapon
 q - 2 scrolls of poison
 r - a scroll of fog


   Skills:
 - Level 1.5 Dodging
 - Level 1.5 Stealth
 + Level 6.9 Spellcasting
 - Level 0.7 Transmutations
 + Level 5.0 Earth Magic


You had 13 spell levels left.
You knew the following spells:

 Your Spells              Type           Power      Damage    Failure   Level
a - Sandblast             Erth           42%        2d11      1%          1
b - Passwall              Tmut/Erth      11%        N/A       6%          2
c - Stone Arrow           Conj/Erth      26%        3d8       13%         3

Your spell library contained the following spells:

 Spells                   Type           Power      Damage    Failure   Level
 Ensorcelled Hibernation  Hex/Ice        10%        N/A       19%         2
 Jinxbite                 Hex            10%        N/A       19%         2
 Petrify                  Tmut/Erth      14%        N/A       36%         4
 Brom's Barrelling Bould  Conj/Erth      13%        2d4       41%         4
 Anguish                  Hex/Necr       4%         N/A       77%         4


Dungeon Overview and Level Annotations

Branches:
Dungeon (5/15)             Temple (1/1) D:4

Altars:
Cheibriados
Dithmenos
Fedhas
Gozag
Hepliaklqana
Kikubaaqudgha
Sif Muna
Trog
Uskayaw
Xom
Yredelemnul


Innate Abilities, Weirdness & Mutations

You are immune to poison.
Your flesh is cold resistant. (rC+)
You are immune to negative energy. (rN+++)
You are immune to unholy pain and torment.
You are vulnerable to heat. (rF-)
You are in touch with the powers of death.
You do not drink.
You have a special connection with the divine. (Faith)


Message History

You block the yak's attack.
You now have 12/17 mp.
Aiming: Sandblast (safe; 1% risk of failure)
Press: ? - help, Q - select action, (/) - cycle Shift-Dir - straight line, f/p - yak
Aim: a yak (heavily wounded, 90% to hit)
The blast of sand hits the yak!
The yak is almost dead.
The yak gores you!
You take 6 damage, and have 25/46 hp.
You now have 11/17 mp.
Aiming: Sandblast (safe; 1% risk of failure)
Press: ? - help, Q - select action, (/) - cycle Shift-Dir - straight line, f/p - yak
Aim: a yak (almost dead, 90% to hit)
The blast of sand hits the yak.
The yak is lightly wounded.
The yak gores you but does no damage.
You now have 10/17 mp.
Aiming: Sandblast (safe; 1% risk of failure)
Press: ? - help, Q - select action, (/) - cycle Shift-Dir - straight line, f/p - yak
Aim: a yak (almost dead, 90% to hit)
The blast of sand hits the yak.
The yak is moderately wounded.
The yak gores you.
Aiming: Sandblast (safe; 1% risk of failure)
Press: ? - help, Q - select action, (/) - cycle Shift-Dir - straight line, f/p - yak
Aim: a yak (almost dead, 90% to hit)
The blast of sand hits the yak!
The yak is heavily wounded.
The yak gores you!
* * * LOW HITPOINT WARNING * * *
The yak gores you!
* * * LOW HITPOINT WARNING * * *
You take 24 damage, and have 1/46 hp.
MASSIVE DAMAGE!!
You now have 9/17 mp.
Aiming: Sandblast (safe; 1% risk of failure)
Press: ? - help, Q - select action, (/) - cycle Shift-Dir - straight line, f/p - yak
Aim: a yak (almost dead, 90% to hit)
The blast of sand hits the yak but does no damage.
The yak is heavily wounded.
The yak gores you!
You die...
Kikubaaqudgha rasps: "You have failed me!
Welcome... oblivion!" #.##PPP.PPPPPPP.#

#.# #.##P.P...P.P.P.# #.#
#######.# P.P.P.P.P.P.#####.#
........# P...P.....P.......#
##########P.PPPPPPP.P.###########
#P.P.......P...........#
#PPPPPPP.PPP#.###....... #
#..#### # #.####.. #@## ##.####..
#Y# ##...#.... #Y# .#.........


YYY ......!.### #Y. .#......... .... ......#.... .... ........... .....
#.O.#.#.. #....# You could see 6 yaks.

Vanquished Creatures
  Menkaure (D:4)
  2 ogres
  A jelly (D:5)
  3 hounds
  An iguana (D:4)
  4 adders
  2 worms
  2 dart slugs
  7 orcs
  7 endoplasms
  4 giant cockroaches
  3 goblins
  4 hobgoblins
  4 jackals (D:4)
  5 quokkas
  9 ball pythons
  2 bats
  4 frilled lizards
  5 kobolds
  5 rats
75 creatures vanquished.

Notes
Turn   | Place    | Note
-------+----------+-------------------------------------------
     0 | D:1      | jasper the Mummy Earth Elementalist began the quest for the
                  | Orb.
     0 | D:1      | Reached XP level 1. HP: 13/13 MP: 4/4
   325 | D:1      | Reached skill level 3 in Spellcasting
   423 | D:1      | Reached XP level 2. HP: 19/19 MP: 4/6
   905 | D:1      | Found a faded altar of an unknown god.
  1139 | D:2      | Identified the +2 ring mail of Dishonour {Dex+2}
  1229 | D:2      | Learned a level 2 spell: Passwall
  1398 | D:2      | Reached XP level 3. HP: 18/24 MP: 0/8
  1402 | D:2      | Learned a level 3 spell: Stone Arrow
  1898 | D:3      | Reached skill level 4 in Spellcasting
  2399 | D:4      | Reached XP level 4. HP: 29/30 MP: 3/10
  2685 | D:4      | Reached XP level 5. HP: 26/35 MP: 3/12
  2783 | D:4      | Noticed Menkaure
  2795 | D:4      | Killed Menkaure
  2796 | D:4      | Reached skill level 5 in Spellcasting
  2872 | D:4      | Reached XP level 6. HP: 41/41 MP: 9/14
  2914 | D:4      | Found a snail-covered altar of Cheibriados.
  2949 | D:4      | Found a staircase to the Ecumenical Temple.
  2972 | D:4      | Reached skill level 6 in Spellcasting
  2974 | Temple   | Entered the Ecumenical Temple
  2985 | Temple   | Became a worshipper of Kikubaaqudgha
  3221 | D:5      | Entered Level 5 of the Dungeon
  3256 | D:5      | Reached skill level 5 in Earth Magic
  3410 | D:5      | Reached XP level 7. HP: 46/46 MP: 14/17
  3596 | D:5      | Noticed a yak
  3596 | D:5      | Noticed a yak
  3596 | D:5      | Noticed a yak
  3779 | D:5      | Noticed a yak
  3780 | D:5      | Noticed a yak
  3780 | D:5      | Noticed a yak
  3789 | D:5      | HP: 1/46 [yak (11)]
  3790 | D:5      | Mangled by a yak

Illustrated notes

Levels and vault maps discovered:
D:1:      hellmonk_arrival_library, layout_loops_ring,
          dreamdust_ecumenical_altar_angels_and_demons, st_stairs_14,
          serial_bayou_lagoon_b
D:2:      layout_rooms, interstate_on_off
D:3:      layout_rooms
D:4:      layout_rooms, kennysheep_slug_shrine,
          minmay_temple_entry_glassed_door, uniq_menkaure
D:5:      layout_loops_ring, grunt_ministairs_11, minmay_stone_trees_small,
          minmay_hedge_maze, water_maze_lemuel, uniq_grinder
Temple:   cyrus_circular_temple

Skill      XL: |  1  2  3  4  5  6 |
---------------+-------------------+-----
Spellcasting   | 3 4 5 6 |  6.9
Earth Magic    | 3 4 5 |  5.0
Dodging        | |  1.5
Stealth        | |  1.5
Transmutations | |  0.7

Action                     |  1- 3 |  4- 6 |  7- 9 || total
---------------------------+-------+-------+-------++-------
  Melee: Unarmed           |     8 |       |       ||     8
         Whip              |       |       |     3 ||     3
   Cast: Sandblast         |    78 |    57 |    13 ||   148
    Use: Scroll            |     8 |       |       ||     8
 Armour: Robe              |    33 |    24 |     8 ||    65
  Dodge: Dodged            |    19 |    22 |     2 ||    43
  Block: Other             |     9 |     9 |     3 ||    21
         Reflection        |     1 |       |       ||     1

Table legend: (Time is in decaauts)
 A = Elapsed time spent in this place.
 B = Non-inter-level travel time spent in this place.
 C = Inter-level travel time spent in this place.
 D = Time resting spent in this place.
 E = Time spent auto-exploring this place.
 F = Levels seen in this place.
 G = Mean time per level.
                   A        B        C        D        E       F      G
               +--------+--------+--------+--------+--------+-----+--------+
         Total |   3879 |   3746 |    133 |    100 |   3034 |   6 |  646.5 |
       Dungeon |   3856 |   3743 |    113 |    100 |   3034 |   5 |  771.2 |
        Temple |     22 |      2 |     20 |      0 |      0 |   1 |   22.0 |
               +--------+--------+--------+--------+--------+-----+--------+

Top non-repeatable levels by time:
     D:1: 1139 daAuts
     D:4: 891 daAuts
     D:3: 636 daAuts
     D:2: 606 daAuts
     D:5: 582 daAuts
  Temple: 22 daAuts
